 Dungeon Crawl Stone Soup version 0.27-a0-1147-gb3d8e82157 (webtiles) character file.

Game seed: 13895179681460956534

3310 freelancePsychic the Ruffian (level 9, -6/91 HPs)
             Began as a Troll Earth Elementalist on May 11, 2021.
             Was a Believer of Sif Muna.
             Mangled by a hellwing (17 damage)
             ... summoned by a kobold demonologist
             ... in a bailey.
             The game lasted 00:22:38 (8145 turns).

freelancePsychic the Ruffian (TrEE)                 Turns: 8145, Time: 00:22:38

Health: -6/91      AC: -3    Str: 18    XL:     9   Next: 70%
Magic:  3/9        EV:  9    Int: 14    God:    Sif Muna [**....]
Gold:   477        SH:  0    Dex: 10    Spells: 5/10 levels left

rFire    . . .     SeeInvis .     - Unarmed
rCold    . . .     Faith    .   (no shield)
rNeg     . . .     Spirit   .   c - +1 robe
rPois    .         Reflect  .   (helmet restricted)
rElec    .         Harm     .   (no cloak)
rCorr    .         Rampage  .   (gloves unavailable)
Will     .....                  (boots unavailable)
Stlth    +.........             (no amulet)
HPRegen  1.25/turn              (no ring)
MPRegen  0.11/turn              (no ring)

@: about to teleport, corroded
A: large, unfitting armour, claws 3, regeneration 1, shaggy fur 1, tough skin 1
a: Renounce Religion, Channel Magic


You were in a bailey.
You worshipped Sif Muna.
Sif Muna was pleased with you.
You visited 2 branches of the dungeon, and saw 9 of its levels.
You also visited: Sewer and Bailey.

You collected 477 gold pieces.

Inventory:

Missiles
 b - 395 stones (quivered)
 m - 50 poisoned darts
Armour
 c - a +1 robe (worn)
 j - a +0 kite shield
Wands
 o - a wand of mindburst (8)
 y - a wand of paralysis (7)
Scrolls
 d - 2 scrolls of noise
 e - 5 scrolls of teleportation {@r4}
 f - 3 scrolls of immolation
 k - a scroll of enchant weapon
 r - a scroll of amnesia
 u - 3 scrolls of enchant armour
 z - a scroll of silence
Potions
 a - 8 potions of curing {@q1}
 g - 2 potions of berserk rage
 h - a potion of degeneration {unknown}
 i - 7 potions of brilliance
 l - 4 potions of attraction
 n - a potion of lignification {unknown}
 p - 2 potions of haste {unknown}
 q - 2 potions of invisibility {unknown}
 t - a potion of might {unknown}
 v - 3 potions of heal wounds {unknown}
 w - a potion of magic {unknown}
 x - a potion of ambrosia {unknown}
 A - a potion of resistance {unknown}


   Skills:
 - Level 6.3 Fighting
 - Level 1.5 Dodging
 - Level 1.0 Stealth
 + Level 7.7 Unarmed Combat
 - Level 1.2 Spellcasting
 + Level 4.3 Transmutations
 + Level 6.0 Earth Magic


You had 5 spell levels left.
You knew the following spells:

 Your Spells              Type           Power      Damage    Failure   Level
a - Sandblast             Erth           34%        2d9       2%          1
b - Petrify               Tmut/Erth      15%        N/A       30%         4

Your spell library contained the following spells:

 Spells                   Type           Power      Damage    Failure   Level
 Passwall                 Tmut/Erth      12%        N/A       4%          2
 Stone Arrow              Conj/Erth      18%        3d8       22%         3
 Summon Small Mammal      Summ           0%         N/A       26%         1
 Call Imp                 Summ           0%         N/A       36%         2
 Lee's Rapid Deconstruct  Erth           8%         3d8*      52%         5
 Call Canine Familiar     Summ           0%         N/A       61%         3
 Summon Guardian Golem    Hex/Summ       0%         N/A       61%         3
 Summon Ice Beast         Ice/Summ       0%         N/A       95%         4
 Summon Lightning Spire   Summ/Air       0%         N/A       95%         4


Dungeon Overview and Level Annotations

Branches:
Dungeon (8/15)             Temple (1/1) D:7           Sewer (visited)
 Bailey (1/1)
   Lair: D:8-11

Altars:
Cheibriados
Dithmenos
Gozag
Hepliaklqana
Kikubaaqudgha
Nemelex Xobeh
Okawaru
Ru
Sif Muna
Trog
Uskayaw
Vehumet
Wu Jian
Xom
Zin
The Shining One

Shops:
D:1 [   D:5 =   D:6 ??


Innate Abilities, Weirdness & Mutations

You are too large for most types of armour.
You have claws for hands.
Your natural rate of healing is unusually fast.
You are covered in fur. (AC +1)
You have tough skin. (AC +1)


Message History

You mangle the orc!!
You kill the orc!
Sif Muna accepts your kill.
You closely miss the hobgoblin.
The kobold demonologist mumbles some strange words.
The hobgoblin hits you with a +0 hand axe.
You closely miss the hobgoblin.
The kobold demonologist casts a spell.
The hobgoblin hits you with a +0 hand axe.
The orc high priest shouts, "You are a heretic and must be destroyed!"
There is a large open door here.
The hellwing swoops through the air toward you!
The hellwing hits you! The hellwing hits you.
There is an open gate, spattered with blood here.
You scratch the hobgoblin.
You kill the hobgoblin!
Sif Muna accepts your kill.
You scratch the hellwing.
The hellwing is lightly wounded.
The hellwing hits you. x2; The rust devil hits you.
The rust devil corrodes you! The hellwing hits you! The hellwing hits you.
The hellwing misses you. The hellwing hits you!
The hellwing swoops through the air toward you!
The hellwing completely misses you. The hellwing hits you!
As you read the scroll of teleportation {@r4}, it crumbles to dust.
You feel strangely unstable. The hellwing hits you! x2
* * * LOW HITPOINT WARNING * * *
The orc high priest calls down the wrath of Beogh upon you.
Beogh smites you!
* * * LOW HITPOINT WARNING * * *
The rust devil hits you.
* * * LOW HITPOINT WARNING * * *
The rust devil corrodes you!
Your magical contamination has completely faded away.
The kobold demonologist gestures wildly while chanting.
Items here: )) [[.
Okay, then.
Okay, then.
The hellwing hits you!
You die...

#≈≈≈≈≈# #≈≈≈≈≈###
#≈≈≈≈≈≈.# ######.≈≈≈≈≈.#
#......≈≈≈≈≈.#++####
###......≈≈≈≈≈.#.....#
#..............'.4...#
....
#∩..∩.....)4...'..⌠..#
.3_.
#.........@)4go3K....#
.og.
###......≈≈≈≈≈.#)....#
g4..
#......≈≈≈≈≈.#''#####..K.
######.≈≈≈≈≈.#......#g...
#≈≈≈≈≈≈.#...4g.#....
#≈≈≈≈≈######...)...#
#≈≈≈≈≈# #.8.8.8.+ #≈≈≈≈≈#
#.......# #≈≈≈≈≈#
#######+#


You could see an orc high priest, a hellwing (summoned), a rust devil
(summoned), a kobold demonologist, a neqoxec (summoned), a chaos spawn
(summoned) and a hobgoblin.

Vanquished Creatures
  Joseph (D:8)
  Sigmund (D:6)
  Menkaure (D:4)
  2 orc warriors
  2 ice beasts
  A black bear (D:6)
  3 sky beasts
  6 ogres
  A necrophage (D:6)
  2 kobold brigands (Sewer)
  A bullfrog (D:6)
  2 scorpions
  A howler monkey (D:4)
  2 centaur zombies
  6 hounds
  4 jellies
  3 orc priests
  A bullfrog skeleton (D:7)
  Ijyb (D:3)
  5 iguanas
  4 orc wizards
  A killer bee zombie (D:7)
  A howler monkey zombie (D:4)
  A gnoll (Bailey)
  A howler monkey skeleton (D:6)
  9 adders
  A river rat (D:3)
  A shadow imp (D:7)
  An ufetubus (D:5)
  An adder skeleton (D:5)
  27 orcs
  2 bat zombies (D:3)
  9 endoplasms
  7 giant cockroaches
  19 goblins
  17 hobgoblins
  9 jackals
  19 kobolds
  7 quokkas
  9 ball pythons
  6 bats
  3 frilled lizards
  A jackal skeleton (D:4)
  3 rats (D:3)
  2 rat zombies (D:3)
207 creatures vanquished.

Notes
Turn   | Place    | Note
-------+----------+-------------------------------------------
     0 | D:1      | freelancePsychic the Troll Earth Elementalist began the
                  | quest for the Orb.
     0 | D:1      | Reached XP level 1. HP: 16/16 MP: 1/1
    70 | D:1      | Reached skill level 1 in Unarmed Combat
    79 | D:1      | Reached XP level 2. HP: 26/26 MP: 2/2
   597 | D:1      | Reached skill level 2 in Unarmed Combat
   620 | D:1      | Reached skill level 1 in Fighting
   727 | D:1      | Found Ruruxt's Armour Shop.
   888 | D:2      | Reached XP level 3. HP: 27/27 MP: 3/3
  1147 | D:2      | You fall into a shaft and drop 2 floors!
  1163 | D:4      | Reached skill level 3 in Unarmed Combat
  1163 | D:4      | Reached XP level 4. HP: 24/42 MP: 4/4
  1327 | D:4      | Noticed an ogre
  1488 | D:4      | Killed an ogre
  1489 | D:4      | Reached skill level 4 in Unarmed Combat
  1489 | D:4      | Reached XP level 5. HP: 50/50 MP: 3/5
  1562 | D:4      | Noticed Menkaure
  1589 | D:4      | Killed Menkaure
  1590 | D:4      | Reached skill level 5 in Unarmed Combat
  1590 | D:4      | Reached XP level 6. HP: 6/59 MP: 6/6
  1996 | D:5      | Entered Level 5 of the Dungeon
  2102 | D:5      | Reached skill level 6 in Unarmed Combat
  2102 | D:5      | Reached XP level 7. HP: 60/67 MP: 7/7
  2826 | D:5      | Found Nanaxt's Jewellery Shop.
  2832 | D:5      | Reached skill level 7 in Unarmed Combat
  3159 | D:5      | Reached XP level 8. HP: 78/78 MP: 8/8
  3528 | D:6      | Found Rauwev's Magic Scroll Boutique.
  3545 | D:6      | Reached skill level 1 in Transmutations
  3653 | D:6      | Found Sirghya's Magic Scroll Shop.
  3918 | D:6      | Noticed Sigmund
  3921 | D:6      | HP: 2/79 [Sigmund/+0 scythe (12)]
  4050 | D:6      | Killed Sigmund
  4051 | D:6      | Reached skill level 5 in Fighting
  4675 | D:7      | Reached XP level 9. HP: 82/88 MP: 9/9
  4727 | D:7      | Found a staircase to the Ecumenical Temple.
  4761 | Temple   | Entered the Ecumenical Temple
  4934 | Temple   | Became a worshipper of Sif Muna the Loreminder
  5059 | D:7      | Found an opulent altar of Gozag.
  5282 | D:7      | Found a bloodstained altar of Trog.
  5916 | D:7      | Learned a level 4 spell: Petrify
  6076 | D:3      | Found a faded altar of an unknown god.
  6128 | D:3      | Reached skill level 5 in Earth Magic
  6358 | D:3      | Reached * piety under Sif Muna
  6543 | D:3      | Found a glowing drain.
  6555 | Sewer    | Entered a sewer
  7173 | D:3      | Reached ** piety under Sif Muna
  7265 | D:3      | Noticed Ijyb
  7275 | D:3      | Paralysed by Ijyb for 6 turns
  7283 | D:3      | Killed Ijyb
  7437 | D:3      | Found an ancient bone altar of Kikubaaqudgha.
  7819 | D:8      | Noticed Joseph
  7832 | D:8      | Killed Joseph
  7927 | D:8      | Found an ornate altar of the Wu Jian Council.
  8012 | D:8      | Found a flagged portal.
  8038 | Bailey   | Entered a bailey
  8123 | Bailey   | Found an iron altar of Okawaru.
  8123 | Bailey   | Noticed an orc high priest
  8123 | Bailey   | Noticed a kobold demonologist
  8126 | Bailey   | Noticed a rust devil
  8131 | Bailey   | Noticed a hellwing
  8133 | Bailey   | Noticed an ice devil
  8145 | Bailey   | Mangled by a hellwing

Illustrated notes

Levels and vault maps discovered:
D:1:      pf_arrival_petrified_forest, layout_basic, serial_shops, shop,
          minmay_tripent
D:2:      layout_rooms, serial_forest, infiniplex_forest_zigzag_1,
          infiniplex_forest_straight_3, infiniplex_forest_zigzag_2,
          infiniplex_forest_lined_room_3, infiniplex_forest_lined_room_
D:3:      kennysheep_goblin_castle, layout_basic,
          lemuel_zombie_altar_kikubaaqudgha, chequers_ecumenical_altar_twisty,
          gup_sewer_entry_bubbles
D:4:      layout_gridville, uniq_menkaure
D:5:      layout_loops_corners, serial_co_window_serial, co_window_paths_b,
          co_window_paths_a, co_window_of_opportunity_a, co_window_paths_a,
          co_window_paths_a, co_window_corner_cb, co_window_broadway_c,
          co_window_broadway_a, co_window_corner_ca, co_window_paths_c,
          co_window_4corner_a, co_window_paths_d, glass_columns_a,
          glass_columns_c, serial_shops, nicolae_shop_stone, moated_statue
D:6:      kennysheep_spiral_hall, layout_loops_corners, serial_shops, shop,
          shop_fountains, minivault_23, uniq_sigmund
D:7:      layout_basic, grunt_gozag_statues, trog_hazing_becter, temple_pool_b
D:8:      layout_basic, lemuel_doored_altar, minitemple, enter_bailey_3,
          special_room [special_room_orc], serial_shops, shop, uniq_joseph
Temple:   chequers_temple_sunken
Bailey:   bailey_axe_of_yendor_kennysheep, bailey

Skill      XL: |  1  2  3  4  5  6  7  8  9 |
---------------+----------------------------+-----
Unarmed Combat | 1 2 3 4 5 6 7 |  7.7
Fighting       | 1 2 3 4 5 6 |  6.3
Transmutations | 3 4 |  4.3
Earth Magic    | 4 6 |  6.0
Dodging        | |  1.5
Stealth        | |  1.0
Spellcasting   | |  1.2

Action                   |  1- 3 |  4- 6 |  7- 9 || total
-------------------------+-------+-------+-------++-------
Melee: Unarmed           |   101 |    81 |   476 ||   658
       Punch             |       |     1 |    10 ||    11
Throw: Dart              |       |       |    12 ||    12
       Throwing net      |       |       |     1 ||     1
 Cast: Sandblast         |       |     7 |     2 ||     9
       Petrify           |       |       |     1 ||     1
  Use: Scroll            |       |     7 |     8 ||    15
 Stab: Sleeping          |     2 |       |     4 ||     6
       Distracted        |     1 |       |       ||     1
       Petrified         |       |       |     5 ||     5
Armor: Robe              |    34 |    11 |   169 ||   214
Dodge: Dodged            |    41 |    38 |   193 ||   272
Block: Kite shield       |       |       |    61 ||    61

Table legend: (Time is in decaauts)
 A = Elapsed time spent in this place.
 B = Non-inter-level travel time spent in this place.
 C = Inter-level travel time spent in this place.
 D = Time resting spent in this place.
 E = Time spent auto-exploring this place.
 F = Levels seen in this place.
 G = Mean time per level.
                   A        B        C        D        E       F      G
               +--------+--------+--------+--------+--------+-----+--------+
         Total |   8243 |   7817 |    426 |    208 |   5370 |  11 |  749.4 |
       Dungeon |   7581 |   7163 |    418 |    192 |   4937 |   8 |  947.6 |
        Temple |    235 |    228 |      7 |      0 |    192 |   1 |  235.0 |
         Sewer |    322 |    322 |      0 |      0 |    208 |   1 |  322.0 |
        Bailey |    104 |    104 |      0 |     16 |     33 |   1 |  104.0 |
               +--------+--------+--------+--------+--------+-----+--------+

Top non-repeatable levels by time:
     D:5: 1380 daAuts
     D:6: 1354 daAuts
     D:3: 1299 daAuts
     D:7: 1229 daAuts
     D:4: 886 daAuts
     D:1: 839 daAuts
     D:2: 457 daAuts
   Sewer: 322 daAuts
  Temple: 235 daAuts
     D:8: 135 daAuts
  Bailey: 104 daAuts
